A- SE
DAYTONA TORTUGAS @ CLEARWATER THRESHERS
04/26/2042
 
TOP OF THE 1ST
Daytona Tortugas batting - Pitching for Clearwater Threshers : RHP Dave Thomas
Pitching: RHP Dave Thomas
Batting: RHB Pete King 0-0: Called Strike
0-1: Swinging Strike
0-2: Ball
1-2: Strikes out swinging
Batting: RHB Greg Allison 0-0: Called Strike
0-1: SINGLE (Line Drive, 34, EV 104.4 MPH)
Batting: LHB Zak O'Toole 0-0: Called Strike
0-1: Foul Ball, location: 5F
0-2: Foul Ball, location: 2F
0-2: Foul Ball, location: 2F
0-2: Ball
1-2: Foul Ball, location: 9LMF
1-2: Ball
2-2: Strikes out looking
Batting: LHB Steve Wolfe 0-0: Foul Ball, location: 2F
0-1: Foul Ball, location: 2F
0-2: Ball
1-2: Foul Ball, location: 3F
1-2: Ball
2-2: Foul Ball, location: 3FF
2-2: Foul Ball, location: 7LMF
2-2: Ground out 4-3 (Groundball, 13, EV 95.0 MPH)
Top of the 1st over - 0 runs, 1 hit, 0 errors, 1 left on base; Daytona 0 - Clearwater 0
BOTTOM OF THE 1ST
Clearwater Threshers batting - Pitching for Daytona Tortugas : RHP Don O'Quinn
Pitching: RHP Don O'Quinn
Batting: RHB Dave Lee 0-0: DOUBLE (Flyball, 78XD, EV 104.4 MPH)
Batting: RHB Kevin Coffey 0-0: Called Strike
0-1: Swinging Strike
0-2: Foul Ball, location: 3SF
0-2: Ball
1-2: Ball
2-2: Strikes out swinging
Batting: LHB Jeff Hall 0-0: Called Strike
0-1: Ball
1-1: Ball
2-1: Fly out, F8 (Flyball, 78M, EV 95.0 MPH)
Batting: RHB Ken Taváres 0-0: Ball
1-0: Called Strike
1-1: Ball
2-1: Ball
3-1: Swinging Strike
3-2: Base on Balls
Batting: RHB Demetrio Lado 0-0: Ball
1-0: Ball
2-0: Called Strike
2-1: Swinging Strike
2-2: Ball
3-2: Fly out, F5 (Popup, 5SF, EV 74.4 MPH)
Bottom of the 1st over - 0 runs, 1 hit, 0 errors, 2 left on base; Daytona 0 - Clearwater 0
TOP OF THE 2ND
Daytona Tortugas batting - Pitching for Clearwater Threshers : RHP Dave Thomas
Batting: RHB Gene Glass 0-0: Ball
1-0: Ball
2-0: Called Strike
2-1: Swinging Strike
2-2: Ball
3-2: Fly out, F7 (Flyball, 7S, EV 74.4 MPH)
Batting: RHB Robinson García 0-0: Called Strike
0-1: Foul Ball, location: 7LDF
0-2: Ball
1-2: Ball
2-2: Ball
3-2: Base on Balls
Batting: RHB Augusto Lerma 0-0: Ball
Robinson García steals 2nd base (no throw)
1-0: Ground out 6-3 (Groundball, 6MS, EV 66.9 MPH)
Robinson García to third
Batting: RHB José Reyes 0-0: Ball
1-0: Ball
2-0: Called Strike
2-1: Ball
3-1: Base on Balls
Batting: LHB Ernesto Pacheco 0-0: Ball
1-0: Called Strike
1-1: Ball
2-1: Fly out, F9 (Flyball, 9, EV 90.0 MPH)
Top of the 2nd over - 0 runs, 0 hits, 0 errors, 2 left on base; Daytona 0 - Clearwater 0
BOTTOM OF THE 2ND
Clearwater Threshers batting - Pitching for Daytona Tortugas : RHP Don O'Quinn
Batting: RHB Sergio Calderón 0-0: Called Strike
0-1: Swinging Strike
0-2: Foul Ball, location: 23FF
0-2: Strikes out swinging
Batting: RHB Danny Snyder 0-0: Fly out, F7 (Flyball, 7, EV 86.3 MPH)
Batting: RHB Duane Dotson 0-0: Ball
1-0: Ball
2-0: Called Strike
2-1: Ball
3-1: Called Strike
3-2: Base on Balls
Batting: LHB Romaric Ray 0-0: Ball
1-0: Ball
Duane Dotson steals 2nd base (no throw)
2-0: Called Strike
2-1: Ball
3-1: Fly out, F9 (Flyball, 89M, EV 90.6 MPH)
Bottom of the 2nd over - 0 runs, 0 hits, 0 errors, 1 left on base; Daytona 0 - Clearwater 0
TOP OF THE 3RD
Daytona Tortugas batting - Pitching for Clearwater Threshers : RHP Dave Thomas
Batting: RHB Pete King 0-0: Ball
1-0: Ball
2-0: Foul Ball, location: 9LMF
2-1: Ball
3-1: Foul Ball, location: 3DF
3-2: Base on Balls
Batting: RHB Greg Allison 0-0: Sac Bunt to 13 - play at first, batter OUT! 1-3
Pete King to second
Batting: LHB Zak O'Toole 0-0: Foul Ball, location: 7LMF
0-1: Foul Ball, location: 2F
0-2: Foul Ball, location: 2F
0-2: Ball
1-2: Ball
2-2: Ball
3-2: TRIPLE (Line Drive, 8RXD, EV 106.3 MPH)
Pete King scores
Batting: LHB Steve Wolfe 0-0: Ball
1-0: Ball
2-0: Ball
3-0: Base on Balls
Batting: RHB Gene Glass 0-0: Ball
1-0: Called Strike
1-1: Ball
2-1: Foul Ball, location: 25F
2-2: Ball
3-2: TRIPLE (Flyball, 89XD, EV 86.9 MPH)
Zak O'Toole scores
Steve Wolfe scores
Batting: RHB Robinson García Balk!
Gene Glass scores
0-0: Swinging Strike
0-1: Ball
1-1: Foul Ball, location: 5F
1-2: Strikes out swinging
Batting: RHB Augusto Lerma 0-0: Called Strike
0-1: Ball
1-1: Ball
2-1: Foul Ball, location: 5SF
2-2: Ground out 6-3 (Groundball, 6, EV 88.1 MPH)
Top of the 3rd over - 4 runs, 2 hits, 0 errors, 0 left on base; Daytona 4 - Clearwater 0
BOTTOM OF THE 3RD
Clearwater Threshers batting - Pitching for Daytona Tortugas : RHP Don O'Quinn
Batting: RHB Dave Lee 0-0: Ground out U3 (Groundball, 13, EV 85.6 MPH)
Batting: RHB Kevin Coffey 0-0: Ball
1-0: Ball
2-0: SINGLE (Groundball, 23, EV 75.0 MPH) (infield hit)
Batting: LHB Jeff Hall 0-0: Called Strike
0-1: Foul Ball, location: 2LF
0-2: Ball
1-2: Foul Ball, location: 5FF
1-2: TRIPLE (Flyball, 9LD, EV 90.6 MPH)
Kevin Coffey scores
Batting: RHB Ken Taváres 0-0: Ball
1-0: Hit by Pitch
Batting: RHB Demetrio Lado 0-0: Foul Ball, location: 2F
0-1: Ball
1-1: Ball
2-1: Ball
3-1: Fly out, F5 (Popup, 25, EV 81.9 MPH)
Batting: RHB Sergio Calderón 0-0: Foul Ball, location: 5F
0-1: Ball
1-1: Swinging Strike
1-2: Foul Ball, location: 3DF
1-2: Ball
2-2: Strikes out swinging
Bottom of the 3rd over - 1 run, 2 hits, 0 errors, 2 left on base; Daytona 4 - Clearwater 1
TOP OF THE 4TH
Daytona Tortugas batting - Pitching for Clearwater Threshers : RHP Dave Thomas
Pitching: RHP Anastasio Castro
Batting: RHB José Reyes 0-0: Ball
1-0: Ball
2-0: Swinging Strike
2-1: Called Strike
2-2: Strikes out looking
Batting: LHB Ernesto Pacheco 0-0: Foul Ball, location: 2F
0-1: Ball
1-1: Swinging Strike
1-2: Strikes out swinging
Batting: RHB Pete King 0-0: Ball
1-0: Ball
2-0: Ball
3-0: Base on Balls
Batting: RHB Greg Allison 0-0: Ball
1-0: Called Strike
Pete King steals 2nd base
1-1: Foul Ball, location: 9LDF
1-2: Strikes out looking
Top of the 4th over - 0 runs, 0 hits, 0 errors, 1 left on base; Daytona 4 - Clearwater 1
BOTTOM OF THE 4TH
Clearwater Threshers batting - Pitching for Daytona Tortugas : RHP Don O'Quinn
Batting: RHB Danny Snyder 0-0: Foul Ball, location: 2LF
0-1: Ground out 1-3 (Groundball, 15S, EV 65.0 MPH)
Batting: RHB Duane Dotson 0-0: Called Strike
0-1: Ball
1-1: Ball
2-1: Fly out, F9 (Flyball, 9LSF, EV 98.1 MPH)
Batting: LHB Romaric Ray 0-0: Foul Ball, location: 2F
0-1: Ball
1-1: Ball
2-1: Foul Ball, location: 3DF
2-2: Hit by Pitch
Batting: RHB Dave Lee 0-0: Called Strike
0-1: Ball
1-1: Ball
2-1: Ball
Wild Pitch!
Romaric Ray to second
3-1: Base on Balls
Batting: RHB Kevin Coffey 0-0: Ball
1-0: Foul Ball, location: 2RF
1-1: Ball
2-1: Fielders Choice at 2nd, 6-4 (Groundball, 6, EV 85.0 MPH)
Bottom of the 4th over - 0 runs, 0 hits, 0 errors, 2 left on base; Daytona 4 - Clearwater 1
TOP OF THE 5TH
Daytona Tortugas batting - Pitching for Clearwater Threshers : RHP Anastasio Castro
Batting: LHB Zak O'Toole 0-0: Ball
1-0: Called Strike
1-1: Foul Ball, location: 25F
1-2: Ball
2-2: Ground out 3-1 (Groundball, 34, EV 101.3 MPH)
Batting: LHB Steve Wolfe 0-0: Foul Ball, location: 9LSF
0-1: Ball
1-1: Foul Ball, location: 2F
1-2: Foul Ball, location: 25F
1-2: Ball
2-2: Fly out, F7 (Flyball, 7LM, EV 98.8 MPH)
Batting: RHB Gene Glass 0-0: SINGLE (Line Drive, 4D, EV 93.8 MPH)
Batting: RHB Robinson García 0-0: Ground out 5-3 (Groundball, 15, EV 78.8 MPH)
Top of the 5th over - 0 runs, 1 hit, 0 errors, 1 left on base; Daytona 4 - Clearwater 1
BOTTOM OF THE 5TH
Clearwater Threshers batting - Pitching for Daytona Tortugas : RHP Don O'Quinn
Batting: LHB Jeff Hall 0-0: Foul Ball, location: 2F
0-1: Ball
1-1: Ball
2-1: Fly out, F8 (Flyball, 8RD, EV 100.0 MPH)
Batting: RHB Ken Taváres 0-0: Foul Ball, location: 9LDF
0-1: Foul Ball, location: 2F
0-2: Ball
1-2: Ball
2-2: Ground out 5-3 (Groundball, 56, EV 103.8 MPH)
Batting: RHB Demetrio Lado 0-0: Ball
1-0: Ball
2-0: Hit by Pitch
Batting: RHB Sergio Calderón 0-0: Foul Ball, location: 2F
0-1: Foul Ball, location: 2F
0-2: Strikes out swinging
Bottom of the 5th over - 0 runs, 0 hits, 0 errors, 1 left on base; Daytona 4 - Clearwater 1
TOP OF THE 6TH
Daytona Tortugas batting - Pitching for Clearwater Threshers : RHP Anastasio Castro
Batting: RHB Augusto Lerma 0-0: Called Strike
0-1: Foul Ball, location: 9LMF
0-2: Ball
1-2: Strikes out swinging
Batting: RHB José Reyes 0-0: Ball
1-0: Swinging Strike
1-1: Ground out 1-3 (Groundball, 13, EV 68.8 MPH)
Batting: LHB Ernesto Pacheco 0-0: Ball
1-0: Ball
2-0: Ball
3-0: Base on Balls
Batting: RHB Pete King 0-0: Ball
1-0: Ball
2-0: Called Strike
2-1: Foul Ball, location: 25FF
2-2: Strikes out swinging
Top of the 6th over - 0 runs, 0 hits, 0 errors, 1 left on base; Daytona 4 - Clearwater 1
BOTTOM OF THE 6TH
Clearwater Threshers batting - Pitching for Daytona Tortugas : RHP Don O'Quinn
Batting: RHB Danny Snyder 0-0: Ball
1-0: Called Strike
1-1: Foul Ball, location: 23F
1-2: Ball
2-2: Ball
3-2: Foul Ball, location: 2F
3-2: Base on Balls
Batting: RHB Duane Dotson 0-0: Ball
1-0: Ball
2-0: SINGLE (Groundball, 4D, EV 100.6 MPH) (infield hit)
Danny Snyder to second
Pitching: RHP José Colón
Batting: LHB Romaric Ray 0-0: SINGLE (Line Drive, 4M, EV 106.3 MPH)
Danny Snyder to third
Duane Dotson to second
Pinch Hitting: LHB Robinson Manuel 0-0: Ball
1-0: Ball
2-0: Ball
3-0: Base on Balls
Danny Snyder scores
Duane Dotson to third
Romaric Ray to second
Batting: RHB Kevin Coffey 0-0: Called Strike
0-1: Hit by Pitch
Duane Dotson scores
Romaric Ray to third
Robinson Manuel to second
Batting: LHB Jeff Hall 0-0: SINGLE (Groundball, 4M, EV 103.1 MPH)
Romaric Ray scores
Robinson Manuel to third
Kevin Coffey to second
Runner from 3rd tries for Home, SAFE, throw by CF to home
Batting: RHB Ken Taváres 0-0: Foul Ball, location: 2F
0-1: Called Strike
0-2: Strikes out swinging
Batting: RHB Demetrio Lado 0-0: Ball
1-0: Called Strike
1-1: Ball
2-1: Ball
3-1: Called Strike
3-2: Strikes out swinging
Batting: RHB Sergio Calderón 0-0: Ball
1-0: Swinging Strike
1-1: Ground out U3 (Groundball, 3, EV 84.4 MPH)
Bottom of the 6th over - 4 runs, 3 hits, 0 errors, 2 left on base; Daytona 4 - Clearwater 5
TOP OF THE 7TH
Daytona Tortugas batting - Pitching for Clearwater Threshers : RHP Anastasio Castro
Now in CF: Alfredo Román
Batting: RHB Greg Allison 0-0: Ball
1-0: Ground out 5-3 (Groundball, 56, EV 80.0 MPH)
Pitching: LHP José Carlos Gómez
Batting: LHB Zak O'Toole 0-0: Called Strike
0-1: Called Strike
0-2: Ball
1-2: Foul Ball, location: 2LF
1-2: Ball
2-2: Foul Ball, location: 2F
2-2: Ball
3-2: Foul Ball, location: 3F
3-2: Base on Balls
Batting: LHB Steve Wolfe 0-0: Ball
1-0: Fly out, F6 (Popup, 15, EV 71.9 MPH)
Pitching: RHP Luis Peña
Batting: RHB Gene Glass 0-0: Swinging Strike
0-1: Called Strike
Zak O'Toole is caught stealing 2nd base 2-4
Top of the 7th over - 0 runs, 0 hits, 0 errors, 0 left on base; Daytona 4 - Clearwater 5
BOTTOM OF THE 7TH
Clearwater Threshers batting - Pitching for Daytona Tortugas : RHP José Colón
Batting: RHB Danny Snyder 0-0: Ball
1-0: Ball
2-0: Ball
3-0: Base on Balls
Pinch Hitting: RHB Sergio Ledesma 0-0: Called Strike
0-1: Sac Bunt to 2R - play at first, batter OUT! 2-3
Danny Snyder to second
Batting: LHB Romaric Ray 0-0: Called Strike
0-1: Swinging Strike
0-2: Strikes out swinging
Batting: RHB Alfredo Román 0-0: Ball
1-0: Swinging Strike
1-1: Swinging Strike
1-2: Foul Ball, location: 9LSF
1-2: Ground out 6-3 (Groundball, 6, EV 86.3 MPH)
Bottom of the 7th over - 0 runs, 0 hits, 0 errors, 1 left on base; Daytona 4 - Clearwater 5
TOP OF THE 8TH
Daytona Tortugas batting - Pitching for Clearwater Threshers : RHP Luis Peña
Now at 2B: Shawn Hartley
Batting: RHB Gene Glass 0-0: Called Strike
0-1: Ball
1-1: Foul Ball, location: 2F
1-2: Ground out 4-3 (Groundball, 34, EV 109.4 MPH)
Batting: RHB Robinson García 0-0: Ball
1-0: Foul Ball, location: 9LSF
1-1: Ball
2-1: Called Strike
2-2: Foul Ball, location: 9LDF
2-2: Ball
3-2: SOLO HOME RUN (Flyball, 9D, EV 89.4 MPH), Distance : 343 ft
Pinch Hitting: LHB Julián Zamora 0-0: Called Strike
0-1: Foul Ball, location: 7LDF
0-2: Foul Ball, location: 2F
0-2: Ball
1-2: Strikes out swinging
Batting: LHB Brad Jones 0-0: Called Strike
0-1: Swinging Strike
0-2: SOLO HOME RUN (Flyball, 9D, EV 97.5 MPH), Distance : 355 ft
Batting: LHB Ernesto Pacheco 0-0: Called Strike
0-1: Ball
1-1: Ball
2-1: Fly out, F7 (Flyball, 78M, EV 77.5 MPH)
Top of the 8th over - 2 runs, 2 hits, 0 errors, 0 left on base; Daytona 6 - Clearwater 5
BOTTOM OF THE 8TH
Clearwater Threshers batting - Pitching for Daytona Tortugas : RHP José Colón
Now in RF: Octávio García
Batting: RHB Kevin Coffey 0-0: Swinging Strike
0-1: Foul Ball, location: 2F
0-2: Foul Ball, location: 2F
0-2: Strikes out looking
Batting: LHB Jeff Hall 0-0: Ball
1-0: Ball
2-0: Ball
3-0: Base on Balls
Pitching: LHP Dan Martínez
Pinch Hitting: RHB Juan Alifonso 0-0: Ball
1-0: Fly out, F4 (Popup, 4S, EV 82.5 MPH)
Batting: RHB Demetrio Lado 0-0: Called Strike
0-1: Swinging Strike
0-2: Foul Ball, location: 2F
0-2: Strikes out looking
Bottom of the 8th over - 0 runs, 0 hits, 0 errors, 1 left on base; Daytona 6 - Clearwater 5
TOP OF THE 9TH
Daytona Tortugas batting - Pitching for Clearwater Threshers : RHP Luis Peña
Now in RF: Rob Simmons
Batting: RHB Pete King 0-0: Ball
1-0: Foul Ball, location: 2RF
1-1: Foul Ball, location: 5SF
1-2: Ground out U3 (Groundball, 3S, EV 83.8 MPH)
Batting: RHB Greg Allison 0-0: Called Strike
0-1: SINGLE (Line Drive, 56D, EV 101.3 MPH)
Batting: LHB Zak O'Toole 0-0: Foul Ball, location: 3SF
0-1: Ball
1-1: Ball
2-1: Swinging Strike
2-2: Strikes out swinging
Pitching: LHP Ignacio Díaz
Batting: LHB Steve Wolfe 0-0: Ball
1-0: Foul Ball, location: 5F
1-1: Foul Ball, location: 2F
1-2: Ball
2-2: Fly out, F9 (Flyball, 9S, EV 79.4 MPH)
Top of the 9th over - 0 runs, 1 hit, 0 errors, 1 left on base; Daytona 6 - Clearwater 5
BOTTOM OF THE 9TH
Clearwater Threshers batting - Pitching for Daytona Tortugas : LHP Dan Martínez
Pitching: RHP António Juárez
Pinch Hitting: LHB Goffredo Bollati 0-0: Swinging Strike
0-1: Foul Ball, location: 2F
0-2: Strikes out swinging
Batting: RHB Danny Snyder 0-0: Ball
1-0: Ball
2-0: Called Strike
2-1: Foul Ball, location: 2F
2-2: Strikes out swinging
Batting: RHB Shawn Hartley 0-0: Ball
1-0: Swinging Strike
1-1: Swinging Strike
1-2: Ground out 1-3 (Groundball, 13S, EV 63.1 MPH)
Bottom of the 9th over - 0 runs, 0 hits, 0 errors, 0 left on base; Daytona 6 - Clearwater 5
Friday, May 3rd , 2024 - OOTP Baseball 24.10 Build 82